[Event "Titled Tuesday Blitz August 17 2021"]
[White "Hansen, Sune Berg"]
[Black "Martins, Igor Carvalho Ribeiro"]
[WhiteFideId "1400266"]
[BlackFideId "2162962"]
[WhiteElo "2624"]
[BlackElo "2460"]
[Result "1-0"]
[Round "07"]
[TimeControl "180+1"]
[Date "2021.08.17"]
[WhiteClock "0:01:10"]
[BlackClock "0:00:09"]

1. e4 c5 2. Nc3 d6 3. d4 cxd4 4. Qxd4 Nc6 5. Qd2 g6 6. b3 Bg7 7. Bb2 Nh6 8. O-O-O O-O 9. Kb1 b6 10. h4 Ng4 11. h5 Bb7 12. hxg6 hxg6 13. f3 Nge5 14. g4 Rc8 15. g5 Na5 16. Qh2 Re8 17. f4 Ng4 18. Qh7+ Kf8 19. Nd5 e5 20. Nh3 Bxd5 21. exd5 Qd7 22. Bd3 f5 23. gxf6 Nxf6 24. Qxg6 Qf7 25. Ng5 1-0


[Site "https://www.chess.com"]

[Event "Titled Tuesday Blitz August 17 2021"]
[White "Ibarra Jerez, Jose Carlos"]
[Black "Tristan, Leonardo"]
[WhiteFideId "2226332"]
[BlackFideId "113816"]
[WhiteElo "2602"]
[BlackElo "2404"]
[Result "0-1"]
[Round "07"]
[TimeControl "180+1"]
[Date "2021.08.17"]
[WhiteClock "0:00:08"]
[BlackClock "0:00:08"]

1. e4 d5 2. exd5 Qxd5 3. Nc3 Qa5 4. d4 Nf6 5. Bd2 Bg4 6. f3 Bf5 7. g4 Bg6 8. f4 e6 9. f5 exf5 10. g5 Nfd7 11. Qe2+ Kd8 12. h4 Bb4 13. O-O-O f4 14. Bg2 Re8 15. Qc4 Nb6 16. Qb3 Nc6 17. a3 Bxc3 18. Bxc3 Qa4 19. d5 Ne5 20. Qxa4 Nxa4 21. Bd4 Ng4 22. b3 Nb6 23. h5 Be4 24. Bxe4 Rxe4 25. Nf3 Ne3 26. Rd2 Nf5 27. Bb2 Nd7 28. g6 fxg6 29. hxg6 h6 30. Rh5 Ng3 31. Rh4 Nf5 32. Rh5 Ng3 33. Rh3 Nf5 34. Bc3 Ke7 35. Bb4+ Ke8 36. Ng5 Re1+ 37. Kb2 a5 38. Ne6 Rc8 39. Bxa5 b6 40. Bc3 Re3 41. Rh5 Ng3 42. Nxg7+ Kf8 43. Rxh6 Rxc3 44. Rh8+ Kxg7 45. Rxc8 Rc5 46. b4 Rc4 47. Kb3 b5 48. d6 Ne4 49. Rxc7 Nxd2+ 50. Kb2 Rxc7 51. dxc7 Nb6 52. Kc3 Ne4+ 53. Kd4 f3 54. Ke3 f2 55. Ke2 Kxg6 56. c4 bxc4 57. a4 c3 58. a5 c2 59. axb6 c1=Q 0-1


[Site "https://www.chess.com"]

[Event "Titled Tuesday Blitz August 17 2021"]
[White "Ibrahimli, Murad"]
[Black "Quintiliano Pinto, Renato R."]
[WhiteFideId "13410229"]
[BlackFideId "2117568"]
[WhiteElo "2109"]
[BlackElo "2439"]
[Result "0-1"]
[Round "07"]
[TimeControl "180+1"]
[Date "2021.08.17"]
[WhiteClock "0:00:07"]
[BlackClock "0:00:13"]

1. d4 Nf6 2. Nf3 e6 3. c4 b6 4. Bf4 Bb4+ 5. Nfd2 Bb7 6. a3 Be7 7. Nc3 d5 8. e3 O-O 9. Rc1 c5 10. cxd5 exd5 11. Nf3 Nbd7 12. Bd3 a6 13. dxc5 bxc5 14. O-O Re8 15. h3 h6 16. Qc2 Nf8 17. Rfd1 d4 18. Ne4 Ne6 19. Be5 Nd5 20. exd4 cxd4 21. Nxd4 Nxd4 22. Bxd4 Bg5 23. Nxg5 Qxg5 24. Bf1 Nf4 25. Be3 Nxh3+ 26. Kh2 Qe5+ 27. Kxh3 Bc8+ 28. g4 Qh5+ 29. Kg3 Qxg4+ 30. Kh2 Qh5+ 31. Kg1 Bb7 32. Bg2 Qg4 33. f3 Bxf3 34. Re1 Rac8 35. Qf2 Rxc1 36. Rxc1 Bxg2 37. Qxg2 Qxg2+ 38. Kxg2 Rxe3 39. Kf2 Rb3 40. Rc2 g5 41. Ke2 Kg7 42. Kd2 f6 43. Kc1 Kg6 44. Rc7 g4 45. Ra7 Rb6 46. b4 h5 47. Ra8 Kg5 48. Kd2 f5 49. Ke3 f4+ 50. Ke4 Re6+ 51. Kd5 Rg6 52. Ke4 f3 53. Ke3 Kh4 54. Kf2 Re6 55. a4 Re2+ 56. Kf1 Kg3 57. Rxa6 Rb2 58. Ke1 f2+ 0-1


[Site "https://www.chess.com"]

[Event "Titled Tuesday Blitz August 17 2021"]
[White "Idani, Pouya"]
[Black "Piesik, Piotr"]
[WhiteFideId "12510130"]
[BlackFideId "1136194"]
[WhiteElo "2610"]
[BlackElo "2395"]
[Result "1-0"]
[Round "07"]
[TimeControl "180+1"]
[Date "2021.08.17"]
[WhiteClock "0:00:05"]
[BlackClock "0:00:39"]

1. e4 g6 2. d4 Bg7 3. Nc3 c6 4. Be3 d5 5. Qd2 dxe4 6. Nxe4 Nf6 7. Nxf6+ Bxf6 8. h4 h5 9. Nf3 Be6 10. Ng5 Bxg5 11. Bxg5 Nd7 12. O-O-O Nb6 13. a3 Qd5 14. b3 a5 15. c4 Qd7 16. Qc3 f6 17. Be3 Bf5 18. d5 Nc8 19. Be2 cxd5 20. Rxd5 Qe6 21. Rhd1 O-O 22. Rxa5 Rxa5 23. Qxa5 Nd6 24. Qd5 Qxd5 25. Rxd5 Be4 26. Rc5 Bxg2 27. Rc7 Kf7 28. c5 Nf5 29. Bc4+ Kg7 30. b4 g5 31. hxg5 h4 32. gxf6+ Kxf6 33. Bf4 h3 34. b5 Rd8 35. Bh2 Rd4 36. Be2 Rd5 37. c6 bxc6 38. b6 Nd4 39. Bd3 Nb3+ 40. Kc2 Nc5 41. Bc4 Be4+ 42. Kc3 Na4+ 43. Kb3 Rd4 44. b7 Nc5+ 45. Kc3 Nxb7 46. Kxd4 Bf3 47. Ke3 1-0


[Site "https://www.chess.com"]

[Event "Titled Tuesday Blitz August 17 2021"]
[White "Iskusnyh, Sergei"]
[Black "Federzoni, Enzo"]
[WhiteFideId "4120027"]
[BlackFideId "2173301"]
[WhiteElo "2492"]
[BlackElo "1956"]
[Result "1-0"]
[Round "07"]
[TimeControl "180+1"]
[Date "2021.08.17"]
[WhiteClock "0:00:31"]
[BlackClock "0:01:08"]

1. d4 Nf6 2. c4 g6 3. g3 Bg7 4. Bg2 c5 5. dxc5 Qa5+ 6. Nc3 Qxc5 7. Bd2 O-O 8. Rc1 a6 9. Nh3 d6 10. O-O Qc7 11. Nf4 Nc6 12. Ncd5 Nxd5 13. cxd5 Bxb2 14. Rc2 Bg7 15. dxc6 bxc6 16. Rxc6 Qd8 17. Nd5 Bd7 18. Rc1 e6 19. Nb4 Rb8 20. Nc6 Bxc6 21. Rxc6 Rb2 22. Rxa6 d5 23. a4 Qc7 24. Bf4 Qb7 25. Ra5 Rc8 26. Qd3 Rc3 27. Qa6 Qd7 28. Rb5 Rbc2 29. Rb8+ Rc8 30. Rfb1 h6 31. Rxc8+ Rxc8 32. Qxc8+ Qxc8 33. Rb8 1-0


[Site "https://www.chess.com"]

[Event "Titled Tuesday Blitz August 17 2021"]
[White "Ivanisevic, Ivan"]
[Black "Yilmaz, Mustafa"]
[WhiteFideId "912417"]
[BlackFideId "6302718"]
[WhiteElo "2499"]
[BlackElo "2518"]
[Result "0-1"]
[Round "07"]
[TimeControl "180+1"]
[Date "2021.08.17"]
[WhiteClock "0:00:10"]
[BlackClock "0:00:10"]

1. d4 Nf6 2. c4 e6 3. Nc3 Bb4 4. e3 O-O 5. Bd3 d6 6. Ne2 e5 7. a3 Bxc3+ 8. Nxc3 Re8 9. O-O Nbd7 10. f3 Qe7 11. b3 Nf8 12. Ra2 Ng6 13. Kh1 c6 14. g4 h6 15. Rg2 d5 16. cxd5 cxd5 17. g5 hxg5 18. Rxg5 Ne4 19. Rxg6 Nxc3 20. Rxg7+ Kxg7 21. Rg1+ Kf8 22. Qe1 exd4 23. Qg3 Qe5 24. Qh4 dxe3 25. Qh6+ Ke7 26. Bxe3 Rh8 27. Bc5+ Kd7 28. Qd2 Kc7 29. f4 Qf6 30. f5 Qe5 31. Rc1 d4 32. Bxd4 Qxd4 33. Rxc3+ Kb8 34. Qc1 Bd7 0-1


[Site "https://www.chess.com"]

[Event "Titled Tuesday Blitz August 17 2021"]
[White "Kadam, Om Manish"]
[Black "Ivic, Velimir"]
[WhiteFideId "45076294"]
[BlackFideId "950122"]
[WhiteElo "1729"]
[BlackElo "2509"]
[Result "0-1"]
[Round "07"]
[TimeControl "180+1"]
[Date "2021.08.17"]
[WhiteClock "0:00:15"]
[BlackClock "0:00:22"]

1. e4 c6 2. c4 d5 3. exd5 cxd5 4. cxd5 Nf6 5. Nc3 Nxd5 6. Nf3 Nc6 7. Bb5 e6 8. d4 Be7 9. O-O O-O 10. Re1 Bb4 11. Bd2 Nxc3 12. bxc3 Bd6 13. Bd3 h6 14. Qe2 Bd7 15. Qe4 f5 16. Qe2 Qf6 17. Rab1 b6 18. Bc4 Rae8 19. Bb5 Kh8 20. Ne5 Bxe5 21. dxe5 Qg6 22. Bf4 Nb8 23. Bc4 Bc6 24. f3 Rc8 25. Red1 Bxf3 26. Qxf3 Rxc4 27. Rd4 Rfc8 28. Rxc4 Rxc4 29. Qa8 Qe8 30. Be3 Rxc3 31. Bd4 Rc8 32. Bf2 Nc6 33. Qb7 Nxe5 34. Qxa7 Ng4 35. Qxb6 Rc2 36. Bd4 e5 37. Ba1 Qa8 38. Qb8+ Qxb8 39. Rxb8+ Kh7 40. Bb2 f4 41. h3 Ne3 42. Bxe5 Rxg2+ 43. Kh1 f3 44. Rf8 f2 45. Bd4 Rg1+ 46. Kh2 Nf1# 0-1


[Site "https://www.chess.com"]

[Event "Titled Tuesday Blitz August 17 2021"]
[White "Katz, Alexander"]
[Black "Laurusas, Tomas"]
[WhiteFideId "2039796"]
[BlackFideId "12803731"]
[WhiteElo "2371"]
[BlackElo "2542"]
[Result "0-1"]
[Round "07"]
[TimeControl "180+1"]
[Date "2021.08.17"]
[WhiteClock "0:00:36"]
[BlackClock "0:01:29"]

1. d4 d6 2. c4 Nf6 3. Nc3 Nbd7 4. e4 e5 5. Nf3 Be7 6. g3 O-O 7. Bg2 Re8 8. O-O c6 9. Re1 a5 10. a4 Qb6 11. b3 Bf8 12. Ba3 exd4 13. Nxd4 Nc5 14. Rb1 Bg4 15. Qd2 Rad8 16. h3 Bh5 17. Kh2 Bg6 18. f3 h5 19. Re3 d5 20. cxd5 cxd5 21. e5 Bxb1 22. exf6 Nxb3 23. Nxb3 Qxe3 24. Bxf8 Kxf8 25. fxg7+ Kxg7 26. Nxb1 Qxb3 27. Qg5+ Kf8 28. Nd2 Qc3 29. Qh6+ Qg7 30. Qb6 h4 31. Nf1 d4 32. f4 d3 0-1


[Site "https://www.chess.com"]

[Event "Titled Tuesday Blitz August 17 2021"]
[White "Khodzhamkuliev, Bahadur"]
[Black "Pert, Richard G"]
[WhiteFideId "24135046"]
[BlackFideId "404748"]
[WhiteElo "2130"]
[BlackElo "2441"]
[Result "1/2-1/2"]
[Round "07"]
[TimeControl "180+1"]
[Date "2021.08.17"]
[WhiteClock "0:02:49"]
[BlackClock "0:02:37"]

1. Nf3 Nf6 2. d4 g6 3. Bg5 Bg7 4. c3 O-O 5. Nbd2 d6 6. e4 c5 7. dxc5 dxc5 8. Bc4 Nc6 9. Qe2 h6 10. Bxf6 Bxf6 11. Qe3 1/2-1/2


[Site "https://www.chess.com"]

[Event "Titled Tuesday Blitz August 17 2021"]
[White "Klabis, Rokas"]
[Black "Turayev, Shahruh"]
[WhiteFideId "12805246"]
[BlackFideId "14003856"]
[WhiteElo "2275"]
[BlackElo "2592"]
[Result "1-0"]
[Round "07"]
[TimeControl "180+1"]
[Date "2021.08.18"]
[WhiteClock "0:01:05"]
[BlackClock "0:00:05"]

1. e4 d5 2. exd5 Qxd5 3. Nc3 Qa5 4. Bc4 Nf6 5. Nge2 Nc6 6. d3 Bg4 7. f3 Bh5 8. Be3 O-O-O 9. Bb3 e5 10. Qd2 Nd4 11. Bxd4 exd4 12. Ne4 Bb4 13. c3 Nxe4 14. fxe4 dxc3 15. bxc3 Bd6 16. Nd4 Be5 17. Rc1 Bxd4 18. cxd4 Qxd2+ 19. Kxd2 Rxd4 20. Ke3 Rhd8 21. Rc3 f6 22. h3 Be8 23. Rb1 c6 24. Be6+ Kc7 25. Rcb3 b6 26. Rc3 R4d6 27. Bg8 Bg6 28. Bd5 R8d7 29. Rbc1 c5 30. a4 Bf7 31. Bxf7 Rxf7 32. a5 Rfd7 33. Ra1 Kb7 34. Rb3 g6 35. Rc1 Rc7 36. Rc4 Re6 37. g4 Kc6 38. d4 Kd7 39. d5 Rd6 40. g5 Ke7 41. Rc1 fxg5 42. Rd3 c4 43. Rd4 b5 44. e5 a6 45. exd6+ Kxd6 46. Rf1 c3 47. Rf6+ Kc5 48. Rc6+ Rxc6 49. dxc6 1-0


[Site "https://www.chess.com"]

[Event "Titled Tuesday Blitz August 17 2021"]
[White "Kononenko, Dmitry"]
[Black "Batsuren, Dambasuren"]
[WhiteFideId "14113538"]
[BlackFideId "4902920"]
[WhiteElo "2276"]
[BlackElo "2371"]
[Result "0-1"]
[Round "07"]
[TimeControl "180+1"]
[Date "2021.08.17"]
[WhiteClock "0:00:12"]
[BlackClock "0:00:10"]

1. d4 Nf6 2. c4 a6 3. g3 c5 4. Nf3 cxd4 5. Nxd4 g6 6. Bg2 Bg7 7. Nc3 O-O 8. Nc2 Nc6 9. Bf4 d6 10. Qd2 Be6 11. Bh6 Bxc4 12. h4 Qa5 13. h5 Bxh6 14. Qxh6 g5 15. Ne3 Be6 16. f4 gxf4 17. gxf4 Kh8 18. O-O-O Rac8 19. f5 Bxa2 20. Rhg1 Rg8 21. Bxc6 bxc6 22. Rxg8+ Rxg8 23. Rxd6 Qe5 24. Rd3 Bb3 25. Kd2 c5 26. Ncd1 c4 27. Rc3 Ne4+ 28. Ke1 Rg1+ 29. Nf1 Nxc3 30. Nxc3 Qg3+ 31. Kd2 Rxf1 32. f6 exf6 33. Nd5 Qe1+ 34. Ke3 Qc1+ 35. Kd4 Qxh6 36. Ne3 Rf4+ 37. Kc3 Rf3 38. exf3 Qxe3+ 39. Kb4 Qd2+ 40. Kc5 Qxb2 41. h6 c3 42. f4 c2 43. Kd6 Qd4+ 44. Ke7 c1=Q 45. f5 Qc7+ 46. Kf8 Qdd8# 0-1


[Site "https://www.chess.com"]

[Event "Titled Tuesday Blitz August 17 2021"]
[White "Kovalev, Vladislav"]
[Black "Silich, Yahor"]
[WhiteFideId "13504398"]
[BlackFideId "13513656"]
[WhiteElo "2573"]
[BlackElo "2142"]
[Result "0-1"]
[Round "07"]
[TimeControl "180+1"]
[Date "2021.08.17"]
[WhiteClock "0:00:13"]
[BlackClock "0:00:06"]

1. e4 c5 2. Be2 Nc6 3. d3 g6 4. f4 Bg7 5. Nf3 e6 6. O-O Nge7 7. c3 O-O 8. Be3 b6 9. d4 cxd4 10. cxd4 d5 11. e5 Nf5 12. Bf2 h5 13. Nc3 Bd7 14. Rc1 Na5 15. b3 Rc8 16. Qd2 Bh6 17. g3 Qe7 18. h3 h4 19. g4 Ng3 20. Rfd1 Rxc3 21. Rxc3 Ne4 22. Qe1 Nxc3 23. Qxc3 Bxf4 24. Bxh4 g5 25. Bf2 Rc8 26. Qd3 Nc6 27. Be3 Nb4 28. Qd2 Rc2 29. Bxf4 Rxd2 30. Bxd2 a5 31. Bxg5 Qe8 32. a3 Bb5 33. Bxb5 Qxb5 34. Kf2 Nd3+ 35. Kg3 Kh7 36. Rd2 Qxb3 37. Bf6 Nc1 38. h4 Qc3 39. Rf2 Nd3 40. Re2 Qc1 41. h5 Qf4+ 42. Kg2 Nc1 43. Rf2 Qe4 44. Kg3 Nd3 45. Rh2 Kg8 46. Bg5 Ne1 47. Nxe1 Qxe1+ 48. Rf2 Qe4 49. Bf6 Qxd4 50. g5 Qe3+ 51. Rf3 Qg1+ 52. Kh3 Qh1+ 53. Kg3 Qxh5 54. Rf2 Qg6 55. Rh2 Qd3+ 56. Kg4 Qe4+ 57. Kg3 Qe3+ 58. Kg4 Qg1+ 59. Kh3 d4 60. Rg2 Qh1+ 61. Kg3 d3 62. g6 fxg6 63. Bg5 d2 64. Bxd2 Qf1 65. Bg5 Qf5 66. Bf6 Qe4 67. Kh2 Kf7 68. Rf2 Ke8 69. Kg3 g5 70. Rf3 g4 71. Rf4 Qe3+ 72. Kxg4 Kd7 73. Bg5 Kc6 74. Rf6 Qe2+ 75. Kf4 Kd5 76. Kg3 Qxe5+ 77. Kh4 Qe2 78. Rf8 Qh2+ 79. Kg4 Qg2+ 80. Kh4 Ke4 81. Rf4+ Ke5 82. a4 Qh2+ 83. Kg4 Qa2 84. Bf6+ Kd5 85. Rd4+ Kc6 86. Rf4 Qd5 87. Bg5 e5 88. Rf6+ Kd7 89. Kh5 Qh1+ 90. Kg6 Qe4+ 91. Kg7 Qxa4 92. Rf7+ Ke6 93. Rf6+ Kd5 94. Rxb6 Qd7+ 95. Kh6 a4 96. Ra6 Qb5 97. Ra8 Ke4 98. Kg6 Qc6+ 99. Bf6 Qxa8 0-1


[Site "https://www.chess.com"]

[Event "Titled Tuesday Blitz August 17 2021"]
[White "Krishnakumar, Sriram"]
[Black "Real De Azua, Ernesto"]
[WhiteFideId "30915856"]
[BlackFideId "108154"]
[WhiteElo "2369"]
[BlackElo "2476"]
[Result "1/2-1/2"]
[Round "07"]
[TimeControl "180+1"]
[Date "2021.08.18"]
[WhiteClock "0:00:27"]
[BlackClock "0:00:04"]

1. e4 e5 2. Nf3 Nc6 3. d4 exd4 4. Nxd4 Bb4+ 5. c3 Bc5 6. Be3 Bb6 7. Nf5 Bxe3 8. Nxe3 Nge7 9. c4 d6 10. Nc3 O-O 11. Be2 Kh8 12. O-O f5 13. f3 f4 14. Ned5 Ne5 15. Qd2 N7g6 16. Rfd1 Be6 17. Nb5 Rf7 18. b3 c6 19. Nbc7 Rxc7 20. Nxc7 Qxc7 21. Qxd6 Qf7 22. Rd2 Qf6 23. Rad1 h6 24. Qc7 Kh7 25. Rd8 Rxd8 26. Qxd8 Qf7 27. c5 Nd7 28. b4 Nge5 29. a3 Bb3 30. Rd6 Nf6 31. Bf1 Bc4 32. Bxc4 Qxc4 33. h4 Nf7 34. Qe7 Nxd6 35. cxd6 Qd4+ 36. Kh2 Qf2 37. d7 Qxh4+ 38. Kg1 Qe1+ 39. Kh2 Qh4+ 40. Kg1 Qe1+ 41. Kh2 Qh4+ 1/2-1/2


[Site "https://www.chess.com"]

[Event "Titled Tuesday Blitz August 17 2021"]
[White "Kuzubov, Yuriy"]
[Black "Popilski, Gil"]
[WhiteFideId "14112906"]
[BlackFideId "2809060"]
[WhiteElo "2564"]
[BlackElo "2537"]
[Result "1-0"]
[Round "07"]
[TimeControl "180+1"]
[Date "2021.08.17"]
[WhiteClock "0:00:19"]
[BlackClock "0:00:01"]

1. d4 Nf6 2. Nf3 d6 3. Nbd2 Nc6 4. e4 e5 5. c3 Be7 6. Bd3 O-O 7. O-O Bg4 8. h3 Bh5 9. d5 Nb8 10. Re1 c6 11. c4 Nbd7 12. Nf1 Nc5 13. Bc2 cxd5 14. cxd5 Rc8 15. Ng3 Bg6 16. b4 Na6 17. a3 Nxd5 18. Qxd5 Rxc2 19. Qxb7 Qb6 20. Qxb6 axb6 21. Be3 b5 22. a4 Nc7 23. Rec1 Rxc1+ 24. Rxc1 Na6 25. axb5 Nxb4 26. b6 Rb8 27. Rc7 Bd8 28. Rd7 f6 29. Rxd6 Be8 30. Nf5 Nc6 31. g4 Bxb6 32. Bxb6 Rxb6 33. Kg2 Rb7 34. g5 Kf7 35. gxf6 gxf6 36. Nh2 h5 37. Ng3 Ke7 38. Nf5+ Kf7 39. Nf1 Rc7 40. N1g3 Ne7 41. Nxh5 Nxf5 42. Rxf6+ Ke7 43. Rxf5 Kd6 44. Ng3 1-0


[Site "https://www.chess.com"]

[Event "Titled Tuesday Blitz August 17 2021"]
[White "Kvon, Andrey"]
[Black "Turner, Max N"]
[WhiteFideId "14201356"]
[BlackFideId "447722"]
[WhiteElo "2458"]
[BlackElo "2078"]
[Result "1-0"]
[Round "07"]
[TimeControl "180+1"]
[Date "2021.08.17"]
[WhiteClock "0:00:53"]
[BlackClock "0:00:03"]

1. e4 c5 2. b3 e5 3. Bb2 d6 4. f4 Nc6 5. Nf3 Bg4 6. Bb5 Qb6 7. Na3 a6 8. Bxc6+ Qxc6 9. O-O O-O-O 10. Qe1 f6 11. Nc4 b5 12. Na5 Qb6 13. d4 cxd4 14. Kh1 Ne7 15. a4 Bd7 16. c3 dxc3 17. Bxc3 Kb8 18. Qd2 Rc8 19. Rfc1 g6 20. axb5 Bxb5 21. Nc4 Bxc4 22. bxc4 Ka8 23. Rcb1 Qc6 24. c5 dxc5 25. Bxe5 fxe5 26. Nxe5 Qe6 27. Qa5 Ka7 28. Nd7 Bg7 29. Rb6 1-0


[Site "https://www.chess.com"]

[Event "Titled Tuesday Blitz August 17 2021"]
[White "Lashkin, Jegor"]
[Black "Ovetchkin, Roman"]
[WhiteFideId "13907808"]
[BlackFideId "4119991"]
[WhiteElo "2293"]
[BlackElo "2432"]
[Result "1-0"]
[Round "07"]
[TimeControl "180+1"]
[Date "2021.08.17"]
[WhiteClock "0:00:09"]
[BlackClock "0:00:24"]

1. d4 Nf6 2. c4 g6 3. Nc3 Bg7 4. e4 d6 5. Be2 O-O 6. Nf3 e5 7. Be3 Ng4 8. Bg5 f6 9. Bc1 f5 10. exf5 exd4 11. Bg5 Qe8 12. Nxd4 gxf5 13. O-O c6 14. Qd2 Na6 15. Rae1 Qg6 16. Bf4 Ne5 17. Nf3 Be6 18. b3 Rad8 19. Nh4 Qf7 20. Bg5 Rd7 21. f4 h6 22. fxe5 dxe5 23. Qc1 hxg5 24. Qxg5 Qf6 25. Qh5 Qh6 26. Qxh6 Bxh6 27. Ng6 Bd2 28. Nxf8 Kxf8 29. Na4 Bxe1 30. Rxe1 Rd2 31. a3 Ke7 32. Kf1 Kf6 33. Rd1 Rb2 34. Nxb2 1-0


[Site "https://www.chess.com"]

[Event "Titled Tuesday Blitz August 17 2021"]
[White "Ljukin, Sergei"]
[Black "Sonis, Francesco"]
[WhiteFideId "14102200"]
[BlackFideId "895733"]
[WhiteElo "2309"]
[BlackElo "2373"]
[Result "0-1"]
[Round "07"]
[TimeControl "180+1"]
[Date "2021.08.17"]
[WhiteClock "0:00:04"]
[BlackClock "0:01:10"]

1. e4 c5 2. Nf3 Nc6 3. d4 cxd4 4. Nxd4 Nf6 5. Nc3 e5 6. Ndb5 d6 7. Nd5 Nxd5 8. exd5 Nb8 9. a4 a6 10. Na3 Be7 11. Be2 O-O 12. O-O Nd7 13. Nc4 a5 14. Be3 b6 15. c3 Ba6 16. b4 Qc7 17. b5 Bb7 18. f4 e4 19. Qd4 Nc5 20. Nd2 Rfe8 21. Bg4 Bf6 22. Qc4 Bc8 23. f5 Bb7 24. Bd4 e3 25. Bxf6 exd2 26. Bd4 Rac8 27. f6 Ne4 28. Qd3 Bxd5 29. Bxc8 Bc4 30. Qe3 Qxc8 31. fxg7 Bxf1 32. Rxf1 Qg4 33. Qf3 Qxf3 34. gxf3 Ng5 35. Kf2 Nh3+ 0-1


[Site "https://www.chess.com"]

[Event "Titled Tuesday Blitz August 17 2021"]
[White "Loy, Konstantin"]
[Black "Krysa, Leandro"]
[WhiteFideId "14122499"]
[BlackFideId "116807"]
[WhiteElo "2084"]
[BlackElo "2490"]
[Result "0-1"]
[Round "07"]
[TimeControl "180+1"]
[Date "2021.08.17"]
[WhiteClock "0:00:03"]
[BlackClock "0:01:45"]

1. e4 d6 2. d4 Nf6 3. Nc3 c6 4. Nf3 Bg4 5. Bc4 e6 6. h3 Bxf3 7. Qxf3 d5 8. exd5 cxd5 9. Bb5+ Nc6 10. Bg5 Be7 11. O-O O-O 12. Bxc6 bxc6 13. Ne2 Nd7 14. Bxe7 Qxe7 15. c3 Rab8 16. b4 Nb6 17. Rfe1 Nc4 18. Nf4 Qf6 19. Qg4 a5 20. a3 Ra8 21. Nd3 Ra7 22. Ne5 Nxe5 23. dxe5 Qe7 24. Rad1 c5 25. Rd3 axb4 26. axb4 cxb4 27. Qxb4 Rc8 28. Qxe7 Rxe7 29. Ree3 Rc4 30. Rd4 Rec7 31. Rxc4 Rxc4 32. Kf1 h5 33. Ke2 h4 34. Kd3 g5 35. Re1 Kg7 36. f3 Ra4 37. Re2 Kg6 38. Rb2 Ra7 39. Ke3 Kf5 40. Kd4 Ra4+ 41. Kc5 Kxe5 42. Kc6 Rc4+ 43. Kd7 Rxc3 44. Ke7 d4 45. Kxf7 d3 46. Rd2 Kd4 47. Kg6 Rc2 0-1


[Site "https://www.chess.com"]

[Event "Titled Tuesday Blitz August 17 2021"]
[White "Machidon, Cristi"]
[Black "Girinath, P.D.S."]
[WhiteFideId "13904590"]
[BlackFideId "5000572"]
[WhiteElo "2312"]
[BlackElo "2333"]
[Result "1-0"]
[Round "07"]
[TimeControl "180+1"]
[Date "2021.08.17"]
[WhiteClock "0:00:16"]
[BlackClock "0:00:30"]

1. d4 e6 2. Nf3 f5 3. c4 Nf6 4. g3 Be7 5. Nc3 O-O 6. Bg2 a5 7. O-O d6 8. Qc2 Nc6 9. e4 fxe4 10. Nxe4 e5 11. dxe5 dxe5 12. Be3 Qe8 13. Rfe1 Qh5 14. Nxf6+ Bxf6 15. Nd2 Nb4 16. Qb3 Bf5 17. Ne4 Qg6 18. Bc5 Rfd8 19. Bxb4 axb4 20. Qxb4 b6 21. Nxf6+ gxf6 22. Bxa8 Rxa8 23. c5 Qg4 24. Qxg4+ Bxg4 25. cxb6 cxb6 26. a4 Bd7 27. b3 Kf7 28. Rac1 Be6 29. Re3 Rd8 30. Rc7+ Kg6 31. f3 Rd1+ 32. Kf2 Rd2+ 33. Re2 Rd3 34. Rc6 Bd5 35. Rxb6 Rxf3+ 36. Kg1 Kf5 37. Rf2 Kg5 38. Rxf3 Bxf3 39. Kf2 Bd5 40. h4+ Kf5 41. a5 1-0


[Site "https://www.chess.com"]

[Event "Titled Tuesday Blitz August 17 2021"]
[White "Makhnev, Denis"]
[Black "Maze, Sebastien"]
[WhiteFideId "13707647"]
[BlackFideId "613762"]
[WhiteElo "2537"]
[BlackElo "2462"]
[Result "1-0"]
[Round "07"]
[TimeControl "180+1"]
[Date "2021.08.17"]
[WhiteClock "0:00:41"]
[BlackClock "0:01:49"]

1. d4 Nf6 2. c4 g6 3. Nc3 Bg7 4. e4 d6 5. h3 O-O 6. Be3 Nc6 7. d5 Nb4 8. Nf3 e6 9. a3 Na6 10. Bd3 exd5 11. exd5 Re8 12. O-O Nc5 13. Bc2 Nce4 14. Bd4 Bf5 15. Nxe4 Nxe4 16. Re1 Bxd4 17. Qxd4 Qf6 18. Rxe4 Qxd4 19. Rxe8+ Rxe8 20. Nxd4 Bxc2 21. Nxc2 Re2 22. Rc1 1-0


[Site "https://www.chess.com"]

[Event "Titled Tuesday Blitz August 17 2021"]
[White "Maksimovic, Bojan"]
[Black "Eynullayev, Atilla"]
[WhiteFideId "14408120"]
[BlackFideId "13413570"]
[WhiteElo "2439"]
[BlackElo "1997"]
[Result "0-1"]
[Round "07"]
[TimeControl "180+1"]
[Date "2021.08.17"]
[WhiteClock "0:00:07"]
[BlackClock "0:00:14"]

1. e4 c5 2. Nf3 e6 3. d3 Nc6 4. g3 d5 5. Nbd2 Nf6 6. Bg2 g6 7. O-O Bg7 8. Re1 O-O 9. c3 a5 10. a4 b6 11. exd5 exd5 12. Nb3 Ra7 13. d4 c4 14. Nbd2 Re7 15. Rxe7 Qxe7 16. b3 Qc7 17. bxc4 dxc4 18. Ba3 Rd8 19. Qf1 Ba6 20. Qc1 Nd5 21. Bf1 Na7 22. Bb2 h5 23. Qc2 Nc8 24. Re1 Nd6 25. Ne4 Nf5 26. Bc1 Re8 27. Bd2 Bb7 28. Ne5 Bxe5 29. dxe5 Rxe5 30. Bg2 Qe7 31. Rb1 Nde3 32. Bxe3 Bxe4 33. Bxe4 Nxe3 34. fxe3 Rxe4 35. Rxb6 Rxe3 36. Kf2 Rd3 37. Rb8+ Kg7 38. Rb2 Qe3+ 39. Kg2 Rxc3 40. Qf2 Qxf2+ 41. Kxf2 Ra3 42. Rb5 Rxa4 43. Rc5 Ra2+ 44. Kg1 Rc2 45. Rxa5 c3 46. Rc5 Kf6 47. Rc7 g5 48. h3 Kg6 49. Kf1 f6 50. Rc5 Kf7 51. Rc6 Ke7 52. Kg1 g4 53. h4 Kf7 54. Rc5 Kg6 55. Kf1 f5 56. Rc6+ Kf7 57. Ke1 f4 58. gxf4 g3 59. Kf1 Rf2+ 60. Kg1 c2 61. f5 Ke7 62. f6+ Kf7 63. Rc7+ Kxf6 64. Rc5 Rd2 65. Rc6+ Ke5 66. Rc5+ Kd4 67. Rxh5 Rd1+ 68. Kg2 c1=Q 69. Rg5 Qd2+ 70. Kxg3 Rg1+ 71. Kf3 Rxg5 72. hxg5 Qxg5 73. Kf2 Qe3+ 74. Kf1 Qd2 75. Kg1 Ke3 76. Kh1 Kf3 0-1


[Site "https://www.chess.com"]

[Event "Titled Tuesday Blitz August 17 2021"]
[White "Matinian, Nikita"]
[Black "Kamsky, Gata"]
[WhiteFideId "24129100"]
[BlackFideId "2000024"]
[WhiteElo "2410"]
[BlackElo "2644"]
[Result "0-1"]
[Round "07"]
[TimeControl "180+1"]
[Date "2021.08.17"]
[WhiteClock "0:00:03"]
[BlackClock "0:00:11"]

1. e4 c5 2. Nf3 e6 3. d4 cxd4 4. Nxd4 a6 5. Nc3 b5 6. Bd3 Qb6 7. Nb3 Qc7 8. a4 b4 9. Ne2 Nf6 10. a5 Bb7 11. Ng3 d5 12. Qe2 Nbd7 13. O-O Be7 14. Bg5 O-O 15. exd5 Bxd5 16. Nh5 h6 17. Bf4 Qb7 18. Nxf6+ Bxf6 19. Qg4 Ne5 20. Bxe5 Bxe5 21. Nc5 Qc6 22. Na4 Rab8 23. Rfe1 Qd6 24. Qh3 Bd4 25. Rad1 Qf4 26. Qg3 Qxg3 27. hxg3 Bc6 28. b3 Bxa4 29. bxa4 Bc3 30. Re4 b3 31. cxb3 Rfd8 32. Bc2 Rxd1+ 33. Bxd1 Bxa5 34. Rd4 Bb4 35. Be2 a5 36. Rd7 g6 37. Bc4 h5 38. Kh2 Rc8 39. Kh3 Rc5 40. g4 Rg5 41. gxh5 Rxh5+ 42. Kg3 Rf5 43. Rb7 Be1 44. Rb8+ Kg7 45. Rb7 Bxf2+ 46. Kh3 Kf6 47. g4 Rf4 48. Rb5 Be1 49. g5+ Kg7 50. Rb7 Kf8 51. Kg2 Bb4 52. Kg3 Rf5 53. Kg4 Bd2 54. Rb5 Rxb5 55. axb5 Be3 56. Kh4 Ke7 57. Kg4 Kd6 58. Bd3 Ke5 59. Bc4 Kd6 60. Bd3 Kc5 61. Be2 Kb4 62. Bd1 Kxb5 63. Bc2 Kb4 64. Bd1 Kc3 65. Kh4 Kd2 66. Bf3 Kc2 67. Bc6 Kxb3 68. Be8 a4 69. Bxf7 a3 70. Bxe6+ Kb2 71. Kg4 a2 72. Bxa2 Kxa2 73. Kf3 Bxg5 0-1


[Site "https://www.chess.com"]